 Dungeon Sprint DCSS version 0.23.1 (webtiles) character file.

Game seed: 13069789487732686403

741 Fang the Fighter (level 7, -3/78 HPs)
             Began as a Gargoyle Berserker on Mar 18, 2019.
             Was a High Priest of Trog.
             Slain by a shadow wraith (12 damage)
             ... in the Dungeon (Sprint VII: "The Pits").
             The game lasted 00:01:49 (905 turns).

Fang the Fighter (Gargoyle Berserker)                Turns: 905, Time: 00:01:50

Health: -3/78      AC: 19    Str: 28    XL:     7   Next: 75%
Magic:  2/2        EV: 12    Int:  7    God:    Trog [*****.]
Gold:   0          SH:  0    Dex:  9    Spells: 6/6 levels left

rFire    . . .     SeeInvis .   m - +4 battleaxe (antimagic)
rCold    . . .     Gourm    .   (shield currently unavailable)
rNeg     + . .     Faith    .   o - +3 chain mail
rPois    ∞         Spirit   .   (no helmet)
rElec    +         Reflect  .   (no cloak)
rCorr    .         Harm     .   (no gloves)
MR       .....     NoTele   +   (no boots)
Stlth    ..........             (no amulet)
HPRegen  0.23/turn              (no ring)
MPRegen  0.08/turn              (no ring)

@: berserking, slowed
A: negative energy resistance 1, electricity resistance, unbreathing,
petrification resistance, rot immunity, AC +4
a: Berserk, Trog's Hand, Brothers in Arms, Renounce Religion


You were in the Dungeon.
You worshipped Trog.
Trog was extremely pleased with you.
You were near starving.

You visited 1 branch

Inventory:

Hand Weapons
 j - a +2 hand axe
 m - a +4 antimagic battleaxe (weapon)
 n - a +2 hand axe of chopping
Armour
 o - a +3 chain mail (worn)
Scrolls
 i - a scroll of blinking
 k - 3 scrolls of remove curse
 l - a scroll of summoning
Potions
 a - 2 potions of invisibility
 d - 6 potions of curing
 e - 6 potions of heal wounds
 f - a potion of haste
 g - 4 potions of magic
 h - 3 potions of berserk rage
Comestibles
 c - 9 rations


   Skills:
 + Level 9.6 Fighting
 + Level 8.1 Axes
 + Level 9.3 Armour
 + Level 7.1 Dodging


You had 6 spell levels left.
You didn't know any spells.
Your spell library was empty.

Dungeon Overview and Level Annotations

Branches:
Dungeon (1/1)

Altars:
Gozag
Hepliaklqana
Sif Muna
Trog
Jiyva


Innate Abilities, Weirdness & Mutations

You are resistant to torment.
Your stone body is resilient. (AC +4)
You are immune to poison.
You resist negative energy. (rN+)
You are resistant to electric shocks. (rElec)
You can survive without breathing.
You are immune to petrification.
You are immune to rotting.


Message History

No target in view!
No target in view!
Something hits you!
You see here a jackal corpse.
You slash something! Something hits you but does no damage. Something hits you.
Something drains your vigour!
You feel as though you will be slow longer.
You hit something.
You are feeling very hungry.
Something hits you but does no damage. Something hits you!
* * * LOW HITPOINT WARNING * * *
A red film seems to cover your vision as you go berserk!
You feel yourself moving faster!
You feel mighty!
You are near starving!
Something hits you!
* * * LOW HITPOINT WARNING * * *
Something drains your vigour!
You feel as though you will be slow longer.
Something hits you!
You die...

#.#..########...<...#
#.#..'.)))[##.......#
#(#..#..))[##.......#
#'###########.......#
#.......#..##########
#))###..#.######
#.)..)..#.#....#
##.###.##'#{...#
#.......#.'@...+
#..###..#'#†...#
#.......).#....#
################


There were no monsters in sight!

Vanquished Creatures
  A fire bat (D)
  A vampire mosquito (D)
  A warg (D)
  An orc warrior (D)
  A big kobold (D)
  A gnoll sergeant (D)
  An iguana (D)
  A mummy (D)
  5 gnolls (D)
  2 river rats (D)
  A white imp (D)
  An adder skeleton (D)
  A worm (D)
  2 leopard geckos (D)
  An orc (D)
  A bat skeleton (D)
  A giant cockroach (D)
  A hobgoblin (D)
  2 jackals (D)
  A bat (D)
  A rat (D)
28 creatures vanquished.

Notes
Turn   | Place    | Note
-------+----------+-------------------------------------------
     0 | D        | Fang the Gargoyle Berserker began the quest for the Orb.
     0 | D        | Reached XP level 1. HP: 14/14 MP: 1/1
   145 | D        | Reached ** piety under Trog
   156 | D        | Reached XP level 2. HP: 20/20 MP: 2/2
   171 | D        | Reached *** piety under Trog
   175 | D        | Reached XP level 3. HP: 16/24 MP: 3/3
   299 | D        | Found a bloodstained altar of Trog.
   299 | D        | Found a deep blue altar of Sif Muna.
   299 | D        | Found a viscous altar of Jiyva.
   299 | D        | Found a hazy altar of Hepliaklqana.
   299 | D        | Found an opulent altar of Gozag.
   371 | D        | Noticed a big kobold
   371 | D        | Noticed a gnoll sergeant
   372 | D        | Noticed a fire bat
   376 | D        | Killed a big kobold
   376 | D        | Reached skill level 5 in Fighting
   376 | D        | Reached skill level 5 in Armour
   376 | D        | Reached XP level 4. HP: 32/32 MP: 4/4
   377 | D        | Reached **** piety under Trog
   379 | D        | Reached skill level 5 in Axes
   381 | D        | Reached XP level 5. HP: 36/36 MP: 5/5
   386 | D        | Killed a fire bat
   386 | D        | Reached skill level 5 in Dodging
   386 | D        | Reached XP level 6. HP: 39/44 MP: 6/6
   387 | D        | Reached ***** piety under Trog
   579 | D        | Noticed an orc warrior
   596 | D        | Killed an orc warrior
   596 | D        | Received a gift from Trog
   596 | D        | Reached XP level 7. HP: 43/50 MP: 7/7
   635 | D        | Noticed a vampire mosquito
   644 | D        | Killed a vampire mosquito
   761 | D        | Noticed a warg
   767 | D        | Killed a warg
   905 | D        | Slain by a shadow wraith

Skill      XL: |  1  2  3  4  5  6  7 |
---------------+----------------------+-----
Axes           | 3 4 5 6 7 8 |  8.1
Dodging        | 2 4 5 6 7 |  7.1
Armour         | 3 5 7 8 9 |  9.3
Fighting       | 4 5 6 7 8 9 |  9.6

Action                   |  1- 3 |  4- 6 |  7- 9 || total
-------------------------+-------+-------+-------++-------
Melee: Hand axe          |    24 |    39 |       ||    63
       Battleaxe         |       |       |    29 ||    29
Invok: Berserk           |     1 |       |     1 ||     2
Armor: Animal skin       |     5 |       |       ||     5
       Chain mail        |     7 |    25 |    19 ||    51
Dodge: Dodged            |    21 |    21 |    15 ||    57
